 Dungeon Crawl Stone Soup version 0.27.1-33-g824d729ab1 (webtiles) character file.

Game seed: 14296124946290511364

251 pkoi the Insei (level 5, -1/45 HPs)
             Began as a Draconian Monk on Dec 13, 2021.
             Killed by nerve-wracking pain
             ... invoked by Grinder
              (13 damage)
             ... on level 3 of the Dungeon.
             The game lasted 00:04:12 (3938 turns).

pkoi the Insei (Draconian Monk)                     Turns: 3938, Time: 00:04:13

Health: -1/45      AC:  5    Str: 13    XL:     5   Next: 88%
Magic:  5/5        EV: 13    Int: 11    God:
Gold:   122        SH:  0    Dex: 14    Spells: 4/4 levels left

rFire    . . .     SeeInvis .     - Unarmed
rCold    . . .     Faith    .   (no shield)
rNeg     . . .     Spirit   .   (armour unavailable)
rPois    .         Reflect  .   (helmet restricted)
rElec    .         Harm     .   (no cloak)
rCorr    .         Rampage  .   (no gloves)
Will     .....                  (no boots)
Stlth    ++........             (no amulet)
HPRegen  0.15/turn              (no ring)
MPRegen  0.09/turn              (no ring)

@: no status effects
A: AC +5, unfitting armour, cold-blooded
a: no special abilities


You were on level 3 of the Dungeon.
You visited 1 branch of the dungeon, and saw 3 of its levels.

You collected 122 gold pieces.

Inventory:

Missiles
 c - 69 poisoned darts (quivered)
 f - 12 boomerangs
 g - a throwing net
Scrolls
 a - 3 scrolls of teleportation
 e - a scroll of vulnerability {unknown}
 h - 4 scrolls of identify {unknown}
 i - a scroll of immolation {unknown}
 j - a scroll of amnesia {unknown}
Potions
 b - a potion of berserk rage
 d - a potion of brilliance {unknown}
 k - a potion of haste


   Skills:
 - Level 3.2 Fighting
 + Level 3.7 Dodging
 - Level 1.7 Stealth
 * Level 6.0 Unarmed Combat


You had 4 spell levels left.
You didn't know any spells.
Your spell library was empty.

Dungeon Overview and Level Annotations

Branches:
Dungeon (3/15)

Altars:

Annotations:
D:3 Grinder


Innate Abilities, Weirdness & Mutations

Your plain brown scales are hard. (AC +5)
You cannot fit into any form of body armour.
You are cold-blooded and may be slowed by cold attacks.


Message History

Aim: Grinder (heavily wounded, 55% to hit)
Okay, then.
Unknown command.
Press: ? - help, v - describe, . - travel
Here: Grinder (heavily wounded)
The floor.
Grinder is nearby!
Press: ? - help, v - describe, . - travel
Here: Grinder (heavily wounded)
The floor.
Unknown command.
Grinder gestures at you. You resist with significant effort.
You barely miss Grinder. Your punch misses Grinder.
Grinder is heavily wounded.
Grinder hits you!
You hit Grinder but do no damage.
Grinder is heavily wounded.
You barely miss Grinder.
Grinder is heavily wounded.
Grinder hits you.
* * * LOW HITPOINT WARNING * * *
You closely miss Grinder.
Your tail-slap misses Grinder.
Grinder is heavily wounded.
Grinder hits you but does no damage.
You closely miss Grinder.
Grinder is heavily wounded.
Grinder hits you.
* * * LOW HITPOINT WARNING * * *
You writhe in agony.
* * * LOW HITPOINT WARNING * * *
You completely miss Grinder.
You tail-slap Grinder, but do no damage.
Grinder is heavily wounded.
Grinder closely misses you.
You hit Grinder.
Grinder is heavily wounded.
Grinder gestures at you. Pain shoots through your body!
You die...

##....<..........
##....<..รท#####..
#..........# #..
###..........# #..
#............# #..
#............# #..
#......##..... ###
#.......##.....
##########5@......##########
#...(..........#..####...###
#.##############..###....###
#.# #..###....### #[#
#..##..#...#. #.#
###..#..##.... #.#
#.##....###... #.#
#..##...###... #.#
#...#######...


You could see Grinder.

Vanquished Creatures
  2 orc priests
  Jessica (D:3)
  Natasha (twice) (D:3)
  An orc wizard (D:3)
  An adder (D:2)
  2 worms (D:2)
  A dart slug (D:2)
  7 orcs
  6 bats
  6 endoplasms
  3 giant cockroaches
  3 goblins
  6 hobgoblins
  4 jackals (D:1)
  8 kobolds
  4 quokkas
  5 ball pythons
  2 frilled lizards (D:1)
  9 rats
73 creatures vanquished.

Vanquished Creatures (others)
  A fungus (D:3)
1 creature vanquished.

Grand Total: 74 creatures vanquished

Notes
Turn   | Place    | Note
-------+----------+-------------------------------------------
     0 | D:1      | pkoi the Draconian Monk began the quest for the Orb.
     0 | D:1      | Reached XP level 1. HP: 19/19 MP: 1/1
   146 | D:1      | Found a faded altar of an unknown god.
   169 | D:1      | Reached XP level 2. HP: 20/26 MP: 2/2
   488 | D:1      | Reached skill level 4 in Unarmed Combat
   733 | D:1      | Reached XP level 3. HP: 29/31 MP: 3/3
  2143 | D:2      | Reached XP level 4. HP: 37/38 MP: 4/4
  2203 | D:3      | Noticed Jessica
  2212 | D:3      | Noticed Grinder
  2215 | D:3      | Paralysed by Grinder for 7 turns
  2745 | D:2      | Reached skill level 5 in Unarmed Combat
  3201 | D:3      | Reached XP level 5. HP: 12/45 MP: 5/5
  3513 | D:3      | Killed Jessica
  3606 | D:3      | Noticed Natasha
  3613 | D:3      | Killed Natasha
  3697 | D:3      | Noticed Natasha
  3705 | D:3      | Killed Natasha
  3706 | D:3      | Reached skill level 6 in Unarmed Combat
  3938 | D:3      | Killed from afar by Grinder

Illustrated notes

Levels and vault maps discovered:
D:1:      mrwooster_arrival_statue_3, layout_basic,
          chequers_ecumenical_altar_simple_redux
D:2:      layout_loops_ring
D:3:      cheibrodos_pilgrimage, layout_rooms, hangedman_decor_opposing,
          hangedman_decor_points, hangedman_glass_teeth,
          uniq_crazy_yiuf_cottage, uniq_grinder, uniq_jessica, uniq_natasha

Skill      XL: |  1  2  3  4  5 |
---------------+----------------+-----
Unarmed Combat | 4 5 6 |  6.0
Dodging        | 3 |  3.7
Fighting       | |  3.2
Stealth        | |  1.7

Action                   |  1- 3 |  4- 6 || total
-------------------------+-------+-------++-------
Melee: Unarmed           |   170 |   104 ||   274
       Tailslap          |    13 |    13 ||    26
       Punch             |     5 |     3 ||     8
Throw: Dart              |    24 |     4 ||    28
  Use: Scroll            |     1 |       ||     1
       Potion            |       |     1 ||     1
 Stab: Sleeping          |     7 |     1 ||     8
Armor: Skin              |    46 |    39 ||    85
Dodge: Dodged            |    90 |   102 ||   192
